 Dungeon Crawl Stone Soup version 0.19-a0-867-g949743d (webtiles) character file.

18 4thArraOfDagon the Charmwright (level 2, 0/22 HPs)
             Began as a Mummy Skald on July 3, 2016.
             Slain by a jackal (2 damage)
             ... on level 3 of the Dungeon.
             The game lasted 00:01:47 (438 turns).

4thArraOfDagon the Charmwright (Mummy Skald)         Turns: 438, Time: 00:01:48

Health: 0/22       AC:  3    Str: 15    XL:     2   Next: 51%
Magic:  4/5        EV: 11    Int: 11    God:
Gold:   76         SH:  0    Dex: 11    Spells: 1 memorised, 4 levels left

rFire  x . .     SeeInvis .     d - +1 mace (venom)
rCold  + . .     Gourm    .     b - +0 leather armour
rNeg   + + +     Faith    .     (no shield)
rPois  ∞         Spirit   .     (no helmet)
rElec  .         Dismiss  .     (no cloak)
rCorr  .         Reflect  .     (no gloves)
SustAt .         Harm     .     (no boots)
MR     .....                    (no amulet)
Stlth  +.........               (no ring)
                                (no ring)

@: infused (expiring), not resistant to hostile enchantments, very unstealthy
A: no food or potions, fire vulnerability, cold resistance 1, negative energy
resistance 3, torment resistance, unbreathing
a: no special abilities


You were on level 3 of the Dungeon.
You were not hungry.

You visited 1 branch of the dungeon, and saw 3 of its levels.

You collected 76 gold pieces.

Inventory:

Hand Weapons
 a - a +0 spear
 d - a +1 mace of venom (weapon)
Armour
 b - a +0 leather armour (worn)
Scrolls
 e - a scroll of recharging {unknown}
 f - a scroll of enchant armour {unknown}
 g - 3 scrolls of identify {unknown}
 i - a scroll of amnesia {unknown}
Books
 c - a book of Battle

   Spells                             Type                      Level
   a - Infusion                       Charms                       1
   b - Shroud of Golubria             Charms/Translocation         2
   c - Song of Slaying                Charms                       2
   d - Spectral Weapon                Hexes/Charms                 3
   e - Regeneration                   Charms/Necromancy            3


   Skills:
 - Level 2.0 Fighting
 - Level 1.5 Polearms
 + Level 1.2 Armour
 + Level 1.2 Dodging
 - Level 2.0 Spellcasting
 + Level 2.7 Charms


You had 4 spell levels left.
You knew the following spells:

 Your Spells              Type           Power        Failure   Level  Hunger
a - Infusion              Chrm           #...         14%         1    N/A

Dungeon Overview and Level Annotations

Branches:
Dungeon (3/15)

Altars:


Innate Abilities, Weirdness & Mutations

You do not eat or drink.
Your flesh is vulnerable to fire.
You are immune to poison.
Your flesh is cold resistant. (rC+)
You are immune to negative energy. (rN+++)
You are immune to unholy pain and torment.
You can survive without breathing.


Message History

Unknown command.
Unknown command.
You barely miss the jackal.
The jackal is severely wounded.
Your magical infusion is running out.
You kill the jackal!
The jackal completely misses you.
Unknown command.
Unknown command.
Unknown command.
Throwing (i - inventory):
h - a throwing net (quivered)
Press: ? - help, Shift-Dir - straight line, f - jackal
Aim: a jackal You throw a throwing net.
The throwing net hits the jackal.
The jackal is caught in the net!
The jackal struggles against the net.
Unknown command.
You barely miss the jackal.
The jackal struggles against the net. x2
The net rips apart, and the jackal comes free!
You closely miss the jackal. The jackal bites you.
You die...

...#....[.#
#########.#
#.# ## #.#
.#
#.#######
.#
#.......#
h#
#######.#
.# #.####.#
#.@h...#
########


You could see a jackal.

Vanquished Creatures
  A worm (D:3)
  A dart slug (D:2)
  A giant gecko (D:3)
  A giant cockroach (D:1)
  2 hobgoblins
  A jackal (D:3)
  A kobold (D:2)
  3 bats
  2 rats (D:1)
13 creatures vanquished.

Notes
Turn   | Place    | Note
-------+----------+-------------------------------------------
     0 | D:1      | 4thArraOfDagon the Mummy Skald began the quest for the Orb.
     0 | D:1      | Reached XP level 1. HP: 16/16 MP: 3/3
    96 | D:1      | Reached skill level 1 in Armour
   111 | D:1      | Reached skill level 1 in Dodging
   138 | D:1      | You fall through a shaft!
   153 | D:2      | Reached XP level 2. HP: 8/22 MP: 0/5
   432 | D:3      | HP: 1/22 [jackal (1)]
   438 | D:3      | Slain by a jackal

Vault maps used:
D:1:      eino_arrival_cavern_b
D:2:      nicolae_dithmenos_through_a_glass_darkly
D:3:      first_bread, wad_floor_pattern_untrapped, uniq_natasha

Skill      XL: |  1 |
---------------+----+-----
Armour         | 1 |  1.2
Dodging        | 1 |  1.2
Fighting       | |  2.0
Polearms       | |  1.5
Spellcasting   | |  2.0
Charms         | |  2.7

Action                   || total
-------------------------++-------
Melee: Mace              ||    48
Throw: Throwing net      ||     2
 Cast: Infusion          ||     4
Armor: Leather armour    ||    22
Dodge: Dodged            ||    49
